 Dungeon Sprint DCSS version 0.26-a0-835-g8259106e14 (webtiles) character file.

Game seed: 7103965461874250881

33124 rocky1 the Gelid (level 13, -1/84 HPs)
             Began as a Gargoyle Ice Elementalist on Nov 18, 2020.
             Was a High Priest of Sif Muna.
             Slain by Nergalle
             ... wielding an uncursed staff of fire
              (15 damage)
             ... in the Dungeon (Sprint VII: "The Pits").
             The game lasted 00:36:43 (5927 turns).

rocky1 the Gelid (Gargoyle Ice Elementalist)        Turns: 5927, Time: 00:36:44

Health: -1/84      AC: 27    Str: 13    XL:     13   Next: 69%
Magic:  21/29      EV: 18    Int: 20    God:    Sif Muna [*****.]
Gold:   10         SH:  0    Dex: 10    Spells: 14/37 levels left

rFire    . . .     SeeInvis +   r - +2 morningstar (vorpal)
rCold    . . .     Faith    .   (no shield)
rNeg     + . .     Spirit   .   d - +0 steam dragon scales
rPois    ∞         Reflect  .   (no helmet)
rElec    +         Harm     .   (no cloak)
rCorr    .         Rampage  .   (no gloves)
MR       .....     NoTele   +   (no boots)
Stlth    ++........             (no amulet)
HPRegen  0.24/turn              x - +4 ring of slaying
MPRegen  0.21/turn              t - ring of see invisible

@: icy armour, frozen ramparts
A: negative energy resistance 1, electricity resistance, unbreathing,
petrification resistance, rot immunity, AC +9
a: Channel Magic, Forget Spell, Divine Exegesis, Renounce Religion


You were in the Dungeon.
You worshipped Sif Muna.
Sif Muna was extremely pleased with you.
You visited 1 branch You collected 10 gold pieces.

Inventory:

Hand Weapons
 i - a +2 war axe of freezing
 m - a +4 quarterstaff of speed
 r - a +2 vorpal morningstar (weapon)
 z - a +0 vampiric lajatang
 A - a +2 flail of holy wrath
Armour
 d - +0 steam dragon scales (worn)
 B - a +2 robe of magic resistance
Magical Staves
 D - an uncursed staff of death
Jewellery
 n - a +3 ring of intelligence
 o - a +3 ring of evasion
 t - a ring of see invisible (right hand)
 w - an uncursed ring of protection from fire
 x - a +4 ring of slaying (left hand)
Wands
 y - a wand of enslavement (5)
Scrolls
 h - a scroll of blinking
 j - 5 scrolls of remove curse
 k - 6 scrolls of amnesia
 l - a scroll of summoning
 s - 4 scrolls of identify
 u - a scroll of fear
 v - 8 scrolls of enchant weapon
Potions
 a - a potion of heal wounds
 b - a potion of invisibility
 c - 9 potions of curing
 e - a potion of haste
 f - 3 potions of magic
 g - 2 potions of berserk rage
 p - a potion of brilliance
 q - 4 potions of mutation
Miscellaneous
 C - a lightning rod (4/4)


   Skills:
 - Level 11.3 Fighting
 - Level 13.7 Maces & Flails
 - Level 9.3 Armour
 - Level 12.3 Dodging
 - Level 2.1 Stealth
 + Level 12.5 Spellcasting
 + Level 9.1 Conjurations
 + Level 16.3 Ice Magic
 + Level 6.9 Air Magic
 + Level 14.7 Invocations


You had 14 spell levels left.
You knew the following spells:

 Your Spells              Type           Power        Failure   Level
a - Freeze                Ice            ####         0%          1
b - Frozen Ramparts       Ice            ######       1%          3
c - Ozocubu's Armour      Ice            ######..     1%          3
d - Hailstorm             Conj/Ice       ######..     1%          4
e - Ozocubu's Refrigerat  Ice            ######....   1%          6
f - Freezing Cloud        Conj/Ice/Air   ######....   10%         6

Your spell library contained the following spells:

 Spells                   Type           Power        Failure   Level
 Magic Dart               Conj           ####         1%          1
 Corpse Rot               Necr/Air       N/A          1%          2
 Ensorcelled Hibernation  Hex/Ice        #####.       1%          2
 Poisonous Vapours        Pois/Air       ####..       1%          2
 Mephitic Cloud           Conj/Pois/Air  ####....     1%          3
 Static Discharge         Conj/Air       #####...     1%          3
 Ice Form                 Ice/Tmut       #####...     1%          4
 Summon Ice Beast         Ice/Summ       #####...     1%          4
 Conjure Flame            Conj/Fire      ####....     2%          3
 Stone Arrow              Conj/Erth      ####..       2%          3
 Iskenderun's Battlesphe  Conj           #####...     3%          5
 Animate Skeleton         Necr           ##....       5%          1
 Sandblast                Erth           ##....       5%          1
 Summon Small Mammal      Summ           ##..         5%          1
 Lightning Bolt           Conj/Air       #####.....   5%          5
 Metabolic Englaciation   Hex/Ice        #####.....   5%          5
 Call Imp                 Summ           ##......     9%          2
 Passwall                 Tmut/Erth      ##......     9%          2
 Fulminant Prism          Conj/Hex       ####......   9%          4
 Iskenderun's Mystic Bla  Conj/Tloc      ####....     9%          4
 Sticky Flame             Conj/Fire      ####....     9%          4
 Summon Lightning Spire   Summ/Air       ####....     13%         4
 Call Canine Familiar     Summ           ##......     16%         3
 Gell's Gravitas          Tloc           ##........   16%         3
 Ignite Poison            Fire/Tmut/Pois ##......     16%         3
 Inner Flame              Hex/Fire       ##......     16%         3
 Portal Projectile        Hex/Tloc       ##....       16%         3
 Summon Guardian Golem    Hex/Summ       ##......     16%         3
 Teleport Other           Tloc           ##......     16%         3
 Fireball                 Conj/Fire      ####......   22%         5
 Irradiate                Conj/Tmut      ####......   22%         5
 Simulacrum               Ice/Necr       #####.....   28%         6
 Silence                  Hex/Air        ####......   34%         5
 Bolt of Magma            Conj/Fire/Erth ###.......   38%         5
 Animate Dead             Necr           ##........   47%         4
 Dispel Undead            Necr           ##......     47%         4
 Leda's Liquefaction      Hex/Erth       ##........   47%         4
 Olgreb's Toxic Radiance  Pois           ##......     47%         4
 Passage of Golubria      Tloc           N/A          47%         4
 Petrify                  Tmut/Erth      ##......     47%         4
 Iron Shot                Conj/Erth      ####......   77%         6
 Starburst                Conj/Fire      ####......   77%         6
 Agony                    Necr           ##......     83%         5
 Alistair's Intoxication  Tmut/Pois      ##.......    83%         5
 Blade Hands              Tmut           ##........   83%         5
 Borgnjor's Vile Clutch   Necr/Erth      ##........   83%         5
 Excruciating Wounds      Necr           ##........   83%         5
 Lee's Rapid Deconstruct  Erth           ##........   83%         5
 Summon Demon             Summ           ##........   83%         5
 Summon Forest            Summ/Tloc      ##........   83%         5
 Summon Mana Viper        Hex/Summ       ##......     83%         5
 Yara's Violent Unravell  Hex/Tmut       ##........   83%         5
 Haunt                    Necr/Summ      ##........   100%        7
 Monstrous Menagerie      Summ           ##........   100%        7
 Summon Greater Demon     Summ           ##........   100%        7
 Summon Hydra             Summ           ##........   100%        7
 Absolute Zero            Ice            ######....   100%        9
 Death's Door             Necr           ##........   100%        9
 Dragon's Call            Summ           ##........   100%        9


Dungeon Overview and Level Annotations

Branches:
Dungeon (1/1)

Altars:
Ashenzari
Cheibriados
Dithmenos
Elyvilon
Fedhas
Gozag
Hepliaklqana
Kikubaaqudgha
Makhleb
Nemelex Xobeh
Okawaru
Qazlal
Ru
Sif Muna
Trog
Uskayaw
Vehumet
Wu Jian
Xom
Yredelemnul
Zin
The Shining One
Beogh
Jiyva
Lugonu

Annotations:
D Nergalle


Innate Abilities, Weirdness & Mutations

You are resistant to torment.
Your stone body is resilient. (AC +9)
You are immune to poison.
You resist negative energy. (rN+)
You are resistant to electric shocks. (rElec)
You can survive without breathing.
You are immune to petrification.
You are immune to rotting.


Message History

The wall freezes the alligator snapping turtle!
You hit Nergalle.
Nergalle is heavily wounded.
Nergalle resists.
The wall freezes Nergalle.
Nergalle hits you but does no damage. Nergalle burns you!
* * * LOW HITPOINT WARNING * * *
The wall freezes the alligator snapping turtle!
The alligator snapping turtle seems to slow down.
The heat melts your icy armour.
You puncture Nergalle!
Nergalle is severely wounded.
The spectral orc resists.
The wall freezes the spectral orc.
The spectral orc resists.
The wall freezes the spectral orc.
The spectral orc hits you but does no damage.
The spectral orc knight completely resists.
The wall freezes the spectral orc knight but do no damage.
The spectral orc knight barely misses you.
Nergalle resists.
The wall freezes Nergalle.
Nergalle hits you but does no damage. Nergalle burns you!
You die...

#..# #t# #..####++ #..# #V#
#..####++ #..##[# #..##.÷..
#..#V##############..##.#[#
#######..8....t............##.#[.
____.##.(......)t[.........##.'=.
____.###########Z'###########.#..
__...###########Zo###########.+..
####+##.........@[?....##..##.##'
)))+.##......#.Z#......##..##....
####.##................++..######
..)...+................++..######
#+#####......#..#......##........
..#..##................##........
..#))#####+#####++###############
###.)##.......##++###############
..#))##.......##..#..............


You could see an alligator snapping turtle (slow), Nergalle, 2 spectral orcs and
a spectral orc knight (summoned).

Vanquished Creatures
  Gastronok (D)
  An emperor scorpion (D)
  A ghost moth (D)
  A spriggan defender (D)
  A vampire knight (D)
  Nessos (D)
  A minotaur (D)
  Erolcha (D)
  An ogre mage (D)
  A hydra (D)
  A merfolk avatar (D)
  2 great orbs of eyes (D)
  A centaur warrior (D)
  2 catoblepae (D)
  2 death knights (D)
  An anaconda (D)
  3 two-headed ogres (D)
  A vampire mage (D)
  Sonja (D)
  A shadow wraith (D)
  A flayed ghost (D)
  A wizard (D)
  A sea snake (D)
  2 spriggan druids (D)
  A necromancer (D)
  A lindwurm (D)
  2 phantasmal warriors (D)
  2 deep elf magi (D)
  A manticore (D)
  2 molten gargoyles (D)
  A gargoyle (D)
  An efreet (D)
  A rime drake (D)
  A hellwing (D)
  A komodo dragon (D)
  An ice devil (D)
  A demonic crawler (D)
  2 jumping spiders (D)
  10 dream sheep (D)
  2 flying skulls (D)
  A shadow (D)
  4 yaks (D)
  A water elemental (D)
  A fire bat (D)
  A redback (D)
  A basilisk (D)
  A wyvern (D)
  3 steam dragons (D)
  A warg (D)
  A water moccasin (D)
  An orc warrior (D)
  A swamp drake (D)
  2 phantoms (D)
  An ice beast (D)
  An eye of draining (D)
  A centaur (D)
  A big kobold (D)
  A gnoll sergeant (D)
  A scorpion (D)
  10 wights (D)
  An orc wizard (D)
  A gnoll shaman (D)
  A worker ant (D)
  2 gnolls (D)
  2 river rats (D)
  A white imp (D)
  An ooze (D)
  2 ufetubi (D)
  2 adder zombies (D)
  2 worms (D)
  3 orcs (D)
  A bat skeleton (D)
  A bat zombie (D)
  A hobgoblin (D)
  9 jackals (D)
  A bat simulacrum (D)
  A frilled lizard (D)
  A jackal zombie (D)
  A quokka skeleton (D)
  A rat (D)
130 creatures vanquished.

Vanquished Creatures (others)
  2 blocks of ice (D)
2 creatures vanquished.

Grand Total: 132 creatures vanquished

Notes
Turn   | Place    | Note
-------+----------+-------------------------------------------
     0 | D        | rocky1 the Gargoyle Ice Elementalist began the quest for
                  | the Orb.
     0 | D        | Reached XP level 1. HP: 10/10 MP: 3/3
   211 | D        | Found a bloodstained altar of Trog.
   211 | D        | Found a shimmering blue altar of Sif Muna.
   211 | D        | Found a viscous altar of Jiyva.
   211 | D        | Found a hazy altar of Hepliaklqana.
   211 | D        | Found an opulent altar of Gozag.
   215 | D        | Found a glowing golden altar of the Shining One.
   215 | D        | Found a glowing silver altar of Zin.
   215 | D        | Found a basalt altar of Yredelemnul.
   215 | D        | Found a shimmering altar of Xom.
   215 | D        | Found an ornate altar of the Wu Jian Council.
   215 | D        | Found a sacrificial altar of Ru.
   215 | D        | Found a stormy altar of Qazlal.
   215 | D        | Found an iron altar of Okawaru.
   215 | D        | Found a sparkling altar of Nemelex Xobeh.
   215 | D        | Found a burning altar of Makhleb.
   215 | D        | Found a blossoming altar of Fedhas.
   215 | D        | Found a white marble altar of Elyvilon.
   215 | D        | Found a shadowy altar of Dithmenos.
   215 | D        | Found a snail-covered altar of Cheibriados.
   218 | D        | Found a corrupted altar of Lugonu.
   218 | D        | Found a radiant altar of Vehumet.
   218 | D        | Found a roughly hewn altar of Beogh.
   219 | D        | Found an ancient bone altar of Kikubaaqudgha.
   219 | D        | Found a hide-covered altar of Uskayaw.
   219 | D        | Found a broken altar of Ashenzari.
   220 | D        | Became a worshipper of Sif Muna the Loreminder
   262 | D        | Reached skill level 1 in Fighting
   263 | D        | Reached * piety under Sif Muna
   327 | D        | Reached XP level 2. HP: 17/17 MP: 2/5
   327 | D        | Reached ** piety under Sif Muna
   507 | D        | Reached skill level 5 in Ice Magic
   507 | D        | Reached XP level 3. HP: 23/23 MP: 4/8
   560 | D        | Reached *** piety under Sif Muna
   622 | D        | Reached XP level 4. HP: 15/29 MP: 5/9
   842 | D        | Learned a level 3 spell: Frozen Ramparts
   846 | D        | Learned a level 3 spell: Ozocubu's Armour
   851 | D        | Noticed a warg
   881 | D        | Reached skill level 1 in Maces & Flails
  1029 | D        | Reached **** piety under Sif Muna
  1030 | D        | Reached skill level 6 in Ice Magic
  1030 | D        | Reached XP level 5. HP: 26/33 MP: 9/12
  1038 | D        | Reached skill level 5 in Spellcasting
  1180 | D        | Killed a warg
  1181 | D        | Reached skill level 5 in Dodging
  1181 | D        | Reached skill level 7 in Ice Magic
  1181 | D        | Reached XP level 6. HP: 35/38 MP: 7/14
  1234 | D        | Noticed an ice beast
  1234 | D        | Noticed a water moccasin
  1258 | D        | Killed a water moccasin
  1259 | D        | Reached skill level 5 in Maces & Flails
  1259 | D        | Reached skill level 5 in Invocations
  1265 | D        | Reached XP level 7. HP: 42/42 MP: 6/16
  1271 | D        | Reached ***** piety under Sif Muna
  1271 | D        | Identified Vegoffei's Papyrus of Quantum Weightlessness
                  | (Sif Muna gifted it to you in the Dungeon)
  1271 | D        | Received a gift from Sif Muna
  1272 | D        | Reached skill level 8 in Ice Magic
  1283 | D        | HP: 2/42 [ice beast (12)]
  1305 | D        | Noticed a fire bat
  1310 | D        | Killed a fire bat
  1413 | D        | Learned a level 4 spell: Hailstorm
  1422 | D        | Noticed a gargoyle
  1425 | D        | Killed a gargoyle
  1426 | D        | Reached skill level 9 in Ice Magic
  1426 | D        | Reached XP level 8. HP: 48/48 MP: 9/19
  1499 | D        | Identified Sif Muna's Catalogue of Earth (Sif Muna gifted
                  | it to you in the Dungeon)
  1499 | D        | Received a gift from Sif Muna
  1501 | D        | Noticed a centaur warrior
  1519 | D        | Killed a centaur warrior
  1520 | D        | Reached skill level 10 in Ice Magic
  1520 | D        | Reached XP level 9. HP: 10/52 MP: 6/21
  1685 | D        | Noticed a five-headed hydra
  1685 | D        | Noticed a demonic crawler
  1714 | D        | Killed a five-headed hydra
  1946 | D        | Killed a demonic crawler
  1947 | D        | Reached skill level 10 in Invocations
  2010 | D        | Noticed a hellwing
  2043 | D        | Noticed a molten gargoyle
  2053 | D        | Killed a molten gargoyle
  2053 | D        | Identified Sif Muna's Almanac of Mutagenic Unholy Rituals
                  | (Sif Muna gifted it to you in the Dungeon)
  2053 | D        | Received a gift from Sif Muna
  2054 | D        | Reached skill level 11 in Ice Magic
  2058 | D        | Reached XP level 10. HP: 24/56 MP: 17/23
  2246 | D        | Noticed a sea snake
  2246 | D        | Noticed a phantasmal warrior
  2253 | D        | Killed a sea snake
  2254 | D        | Reached skill level 10 in Spellcasting
  2266 | D        | Reached skill level 10 in Maces & Flails
  2268 | D        | Killed a phantasmal warrior
  2274 | D        | Identified Sif Muna's Disquisition on Poison and Summoning
                  | (Sif Muna gifted it to you in the Dungeon)
  2274 | D        | Received a gift from Sif Muna
  2563 | D        | Noticed a deep elf mage
  2581 | D        | Reached ****** piety under Sif Muna
  2581 | D        | Killed a deep elf mage
  2582 | D        | Reached skill level 5 in Fighting
  2582 | D        | Reached skill level 12 in Ice Magic
  2582 | D        | Identified Sif Muna's Volume of Conjuration (Sif Muna
                  | gifted it to you in the Dungeon)
  2582 | D        | Received a gift from Sif Muna
  2619 | D        | Noticed an anaconda
  2621 | D        | Noticed a manticore
  2628 | D        | Reached skill level 10 in Dodging
  2629 | D        | Killed a manticore
  2630 | D        | Killed an anaconda
  2631 | D        | Reached XP level 11. HP: 12/66 MP: 19/25
  3003 | D        | Noticed a merfolk avatar
  3003 | D        | Noticed a spriggan druid
  3004 | D        | Noticed a two-headed ogre
  3004 | D        | Noticed Erolcha
  3007 | D        | Killed a spriggan druid
  3008 | D        | Reached skill level 1 in Armour
  3017 | D        | Killed a two-headed ogre
  3020 | D        | Killed a merfolk avatar
  3020 | D        | Identified Sif Muna's Compendium of the Supportive
                  | Snowflakes (Sif Muna gifted it to you in the Dungeon)
  3020 | D        | Received a gift from Sif Muna
  3022 | D        | Killed Erolcha
  3023 | D        | Reached skill level 13 in Ice Magic
  3187 | D        | Noticed a catoblepas
  3187 | D        | Noticed a lindwurm
  3187 | D        | Noticed a deep elf mage
  3197 | D        | Killed a catoblepas
  3198 | D        | Reached skill level 5 in Armour
  3208 | D        | Killed a deep elf mage
  3212 | D        | Killed a lindwurm
  3337 | D        | Noticed a flayed ghost
  3338 | D        | Identified Sif Muna's Collected Works on Supportive
                  | Conjuration (Sif Muna gifted it to you in the Dungeon)
  3338 | D        | Received a gift from Sif Muna
  3339 | D        | Noticed a great orb of eyes
  3365 | D        | Killed a flayed ghost
  3372 | D        | Killed a shadow wraith
  3373 | D        | Reached XP level 12. HP: 62/77 MP: 19/26
  3373 | D        | Identified Sif Muna's Collected Works on Mutagenic Attacks
                  | (Sif Muna gifted it to you in the Dungeon)
  3373 | D        | Received a gift from Sif Muna
  3387 | D        | Killed a great orb of eyes
  3388 | D        | Reached skill level 10 in Fighting
  3389 | D        | Reached skill level 14 in Ice Magic
  3404 | D        | Identified Woteurch's Disquisition on Dark Arts and Calling
                  | (Sif Muna gifted it to you in the Dungeon)
  3404 | D        | Received a gift from Sif Muna
  3658 | D        | Got the Grimoire of Stones and Necromancy
  3729 | D        | Learned a level 6 spell: Ozocubu's Refrigeration
  3736 | D        | Learned a level 6 spell: Freezing Cloud
  3809 | D        | Noticed a ghost moth
  3819 | D        | Killed a ghost moth
  4205 | D        | Noticed Nessos
  4222 | D        | Killed Nessos
  4390 | D        | Noticed an emperor scorpion
  4410 | D        | Killed an emperor scorpion
  4410 | D        | Identified Sif Muna's Reference Book on Burning Summoning
                  | (Sif Muna gifted it to you in the Dungeon)
  4410 | D        | Received a gift from Sif Muna
  4685 | D        | Reached skill level 1 in Conjurations
  4712 | D        | Noticed a death knight
  4719 | D        | Reached skill level 1 in Air Magic
  4721 | D        | Killed a death knight
  5045 | D        | Noticed a vampire mage
  5045 | D        | Noticed a spriggan defender
  5045 | D        | Noticed a catoblepas
  5048 | D        | Identified Qoymocs's Incunabulum of the Glacier (Sif Muna
                  | gifted it to you in the Dungeon)
  5048 | D        | Received a gift from Sif Muna
  5055 | D        | Killed a spriggan defender
  5056 | D        | Reached skill level 15 in Ice Magic
  5056 | D        | Killed a vampire mage
  5057 | D        | Reached XP level 13. HP: 29/84 MP: 6/28
  5059 | D        | Reached skill level 5 in Conjurations
  5759 | D        | Noticed a great orb of eyes
  5763 | D        | Identified Sif Muna's Tome of the Ashen Snowflakes (Sif
                  | Muna gifted it to you in the Dungeon)
  5763 | D        | Received a gift from Sif Muna
  5768 | D        | Identified the +2 trident of Shrieking Terror {drain,
                  | rPois}
  5768 | D        | Noticed a minotaur
  5771 | D        | Killed a minotaur
  5771 | D        | Paralysed by a great orb of eyes for 4 turns
  5772 | D        | Reached skill level 5 in Air Magic
  5773 | D        | Noticed an ogre mage
  5778 | D        | Killed an ogre mage
  5778 | D        | Identified Poelo's Incunabulum of the Glacier and Beguiling
                  | (Sif Muna gifted it to you in the Dungeon)
  5778 | D        | Received a gift from Sif Muna
  5781 | D        | Killed a great orb of eyes
  5790 | D        | Noticed Gastronok
  5802 | D        | Identified the ring "Vutyg" {rC+ MR+ AC+4 Int+2}
  5803 | D        | Killed Gastronok
  5804 | D        | Reached skill level 16 in Ice Magic
  5807 | D        | Noticed a vampire knight
  5809 | D        | Noticed Sonja
  5809 | D        | Killed Sonja
  5814 | D        | Received a gift from Sif Muna
  5837 | D        | Killed a vampire knight
  5918 | D        | Noticed Nergalle
  5927 | D        | Slain by Nergalle

Illustrated notes

Levels and vault maps discovered:
D:        pitsprint [storerooms_1, entrance_room_1, metal_vault_1, armoury_2,
          mini_pit_1, grid_room_1, main_hall_1, silver_pit, the_coven_1,
          the_vestibule_1, steel_vault_4, golden_pit, hallway_of_sentries,
          crystal_vault_1, iron_vault_1, final_vault]

Skill      XL: |  1  2  3  4  5  6  7  8  9 10 11 12 13 |
---------------+----------------------------------------+-----
Fighting       | 1 3 6 9 11 | 11.3
Dodging        | 2 3 4 5 7 8 10 11 12 | 12.3
Spellcasting   | 3 4 5 6 7 8 9 10 11 12 | 12.5
Ice Magic      | 5 6 7 9 10 11 12 13 15 16 | 16.3
Maces & Flails | 2 4 5 7 8 9 11 12 13 | 13.7
Invocations    | 2 4 5 7 9 10 12 13 14 | 14.7
Armour         | 7 9 |  9.3
Conjurations   | 4 9 |  9.1
Air Magic      | 3 6 |  6.9
Stealth        | |  2.1

Action                   |  1- 3 |  4- 6 |  7- 9 | 10-12 | 13-15 || total
-------------------------+-------+-------+-------+-------+-------++-------
Melee: Unarmed           |    11 |       |       |       |       ||    11
       Mace              |    19 |    55 |    41 |       |       ||   115
       Morningstar       |       |       |    21 |   173 |    62 ||   256
 Cast: Freeze            |    16 |       |       |       |       ||    16
       Ozocubu's Armour  |       |     3 |     9 |    15 |     5 ||    32
       Frozen Ramparts   |       |     2 |     9 |    19 |     4 ||    34
       Hailstorm         |       |       |       |    13 |     9 ||    22
       Freezing Cloud    |       |       |       |       |     2 ||     2
       Absolute Zero     |       |       |       |       |     2 ||     2
       Iron Shot         |       |       |       |       |     1 ||     1
Invok: Divine Exegesis   |       |       |       |       |     5 ||     5
       Channel Magic     |       |       |       |       |     2 ||     2
  Use: Potion            |       |     3 |     7 |    11 |     4 ||    25
 Stab: Distracted        |       |       |       |       |     1 ||     1
Armor: Robe              |    18 |    19 |    37 |    18 |       ||    92
       Steam dragon scal |       |       |       |    70 |    32 ||   102
Dodge: Dodged            |    27 |    25 |    56 |   177 |    67 ||   352

Table legend: (Time is in decaauts)
 A = Elapsed time spent in this place.
 B = Non-inter-level travel time spent in this place.
 C = Inter-level travel time spent in this place.
 D = Time resting spent in this place.
 E = Time spent auto-exploring this place.
 F = Levels seen in this place.
 G = Mean time per level.
                   A        B        C        D        E       F      G
               +--------+--------+--------+--------+--------+-----+--------+
         Total |   5938 |   5880 |     58 |   3747 |      0 |   1 | 5938.0 |
       Dungeon |   5938 |   5880 |     58 |   3747 |      0 |   1 | 5938.0 |
               +--------+--------+--------+--------+--------+-----+--------+

Top non-repeatable levels by time:
       D: 5938 daAuts
